 Dungeon Crawl Stone Soup version 0.30-a0-782-ge64f9170bb (webtiles) character file.

Game seed: 10612525570855458762

7 mopl the Vexing (level 1, 0/10 HPs)
             Began as a Deep Elf Enchanter on Mar 7, 2023.
             Slain by a quokka (1 damage)
             ... on level 1 of the Dungeon.
             The game lasted 00:00:44 (865 turns).

mopl the Vexing (Deep Elf Enchanter)                 Turns: 865, Time: 00:00:44

Health: 0/10       AC:  2    Str:  5    XL:     1   Next: 91%
Magic:  6/6        EV: 12    Int: 19    God:
Gold:   63         SH:  0    Dex: 15    Spells: 6/6 levels left

rFire   . . .      SeeInvis .    a - +1 dagger
rCold   . . .      Faith    .    (no shield)
rNeg    . . .      Spirit   .    b - +0 robe
rPois   .          Reflect  .    (no helmet)
rElec   .          Harm     .    (no cloak)
rCorr   .          Rampage  .    (no gloves)
Will    .....                    (no boots)
Stlth   +++                      (no amulet)
HPRegen 0.21/turn                (no ring)
MPRegen 0.10/turn                (no ring)

@: no status effects
A: no striking features
a: no special abilities


You were on level 1 of the Dungeon.
You visited 1 branch of the dungeon, and saw 1 of its levels.

You collected 63 gold pieces.

Inventory:

Hand Weapons
 a - a +1 dagger (weapon)
Armour
 b - a +0 robe (worn)
Magical Staves
 k - a staff of poison
Scrolls
 d - a scroll of fear {unknown}
 f - a scroll of enchant armour {unknown}
 h - a scroll of butterflies {unknown}
 i - 3 scrolls of identify {unknown}
 j - a scroll of poison {unknown}
Potions
 c - 2 potions of invisibility
 e - a potion of cancellation {unknown}
 g - a potion of resistance {unknown}


   Skills:
 + Level 1.2 Short Blades
 - Level 2.4 Dodging
 + Level 3.8 Stealth
 + Level 3.2 Spellcasting
 + Level 4.2 Hexes


You had 6 spell levels left.
You didn't know any spells.
Your spell library contained the following spells:

 Spells                   Type           Power      Damage    Failure   Level
 Confusing Touch          Hex            19%        N/A       8%          3
 Tukima's Dance           Hex            19%        N/A       8%          3
 Ensorcelled Hibernation  Hex/Ice        22%        N/A       10%         2
 Dazzling Flash           Conj/Hex       22%        N/A       19%         3


Dungeon Overview and Level Annotations

Branches:
Dungeon (1/15)

Altars:


Message History

You open the door.
You see here a +0 heavy mace.
Found a dagger.
You see here a +0 dagger.
You see here a +0 dagger.
Found a dagger.
Found 7 stones.
i - 3 scrolls labelled TAVVOZUMIR (gained 1)
You see here 7 stones.
You see here a +0 dagger.
A rat comes into view.
A rat is nearby!
The rat bites you.
You hit the rat.
You kill the rat!
No target in view!
No target in view!
A quokka comes into view.
The quokka closely misses you.
You closely miss the quokka. The quokka barely misses you. x2
You barely miss the quokka. The quokka bites you.
You hit the quokka but do no damage. The quokka closely misses you.
You hit the quokka.
The quokka is severely wounded.
The quokka bites you.
You barely miss the quokka.
The quokka is severely wounded.
The quokka twitches its whiskers.
The quokka bites you.
You are too injured to fight recklessly!
You are too injured to fight recklessly!
You are too injured to fight recklessly!
You hit the quokka but do no damage.
The quokka is severely wounded.
The quokka bites you.
* * * LOW HITPOINT WARNING * * *
You barely miss the quokka.
The quokka is severely wounded.
The quokka bites you.
You die...

#### #... #.## ####.#
#### ##.##.# ...
##...#.# ####r#####
#......#
#..@.....#.##...#.##
#.##.###............
#.# .# ###.###.##...
#.# .. . #.#####
##.####### ##'##
#........# ##...##
#..#####.# ##.....##
#..##.##.###.......##
#......#.##.........#


You could see a quokka.

Vanquished Creatures
  A dart slug (D:1)
  An endoplasm (D:1)
  2 ball pythons (D:1)
  A kobold (D:1)
  2 rats (D:1)
7 creatures vanquished.

Notes
Turn   | Place    | Note
-------+----------+-------------------------------------------
     0 | D:1      | mopl the Deep Elf Enchanter began the quest for the Orb.
     0 | D:1      | Reached XP level 1. HP: 10/10 MP: 6/6
   865 | D:1      | Slain by a quokka

Illustrated notes

Levels and vault maps discovered:
D:1:      dpeg_arrival_concentric_ovals, layout_loops_corners,
          patterned_corridor

Action                     || total
---------------------------++-------
  Melee: Dagger            ||    23
   Stab: Sleeping          ||     3
 Armour: Robe              ||     2
  Dodge: Dodged            ||    12

Table legend: (Time is in decaauts)
 A = Elapsed time spent in this place.
 B = Non-inter-level travel time spent in this place.
 C = Inter-level travel time spent in this place.
 D = Time resting spent in this place.
 E = Time spent auto-exploring this place.
 F = Levels seen in this place.
 G = Mean time per level.
                   A        B        C        D        E       F      G
               +--------+--------+--------+--------+--------+-----+--------+
         Total |    863 |    863 |      0 |     30 |    763 |   1 |  863.0 |
       Dungeon |    863 |    863 |      0 |     30 |    763 |   1 |  863.0 |
               +--------+--------+--------+--------+--------+-----+--------+

Top non-repeatable levels by time:
     D:1: 863 daAuts
